AoeStats
← alexunder.sc

Highland

504880880Analyzed
2v2 RM · 26d ago on Sep 6, 2026· 87m 0s· 4 players
Game mode
Random Map
Map size
Medium (4 player)
Population
200
Speed
Normal
Resources
Standard
Victory
Conquest
Starting age
Dark Age
Ending age
Imperial Age
RankedLock teamsTeams togetherTeam positionsShared explorationLock speedFull tech treeHidden civsTurbo modeCheats
Victory
Defeat
🇦🇷 Bohemians · Argentina
1039
+10
🇦🇷 Bulgarians · Argentina
808
+20
🇺🇸 Romans · United States
895
-15
🇺🇸 Franks · United States
895
-15
Maiorianus Augustus
6:38 Loom
9:34 Feudal Age
11:03 Man-at-Arms
12:14 Scale Mail Armor
17:28 Forging
23:12 Castle Age
21:39 Double-Bit Axe
22:30 Horse Collar
22:52 Town Watch
23:43 Wheelbarrow
23:20 Long Swordsman
24:01 Squires
25:40 Iron Casting
25:20 Chain Mail Armor
40:43 Heavy Plow
51:18 Imperial Age
54:43 Conscription
56:12 Legionary
60:50 Scale Barding Armor
62:44 Onager
64:24 Chain Barding Armor
65:04 Blast Furnace
73:58 Hand Cart
82:09 Comitatenses
Licinia Eudoxia Augusta
11:33 Feudal Age
12:20 Loom
15:32 Double-Bit Axe
26:15 Castle Age
27:45 Scale Barding Armor
28:08 Husbandry
28:16 Husbandry
29:03 Chain Barding Armor
29:20 Pikeman
30:42 Squires
40:18 Forging
42:27 Bow Saw
45:05 Iron Casting
44:31 Scale Mail Armor
47:42 Murder Holes
50:08 Wheelbarrow
49:54 Chain Mail Armor
52:26 Hand Cart
52:39 Gold Mining
62:59 Imperial Age
77:09 Ballistics
89:57 Imperial Age
laUA
3:59 Loom
15:58 Feudal Age
17:50 Forging
17:43 Scale Mail Armor
17:49 Scale Barding Armor
17:35 Fletching
19:21 Bloodlines
20:12 Horse Collar
23:39 Double-Bit Axe
24:33 Wheelbarrow
31:20 Castle Age
32:54 Husbandry
33:52 Bow Saw
33:51 Heavy Plow
34:14 Hand Cart
38:12 Gold Mining
38:12 Stone Mining
43:38 Pikeman
44:28 Murder Holes
47:14 Imperial Age
46:41 Chain Barding Armor
47:18 Guard Tower
48:39 Plate Barding Armor
48:40 Iron Casting
48:01 Bodkin Arrow
48:51 Onager
51:53 Stirrups
53:08 Stirrups
53:51 Conscription
59:43 Elite Konnik
66:12 Bagains
69:56 Blast Furnace
69:49 Squires
70:58 Crop Rotation
71:12 Gold Shaft Mining
71:13 Stone Shaft Mining
74:13 Heavy Scorpion
80:30 Cavalier
83:15 Chain Mail Armor
85:05 Gambesons
alexunder.sc
8:11 Loom
10:39 Feudal Age
18:40 Castle Age
26:38 Double-Bit Axe
29:07 Bow Saw
28:44 Horse Collar
32:32 Wheelbarrow
40:20 Forging
43:18 Iron Casting
43:32 Scale Mail Armor
43:39 Scale Barding Armor
45:30 Chain Barding Armor
54:00 Ballistics
58:16 Heavy Plow
59:49 Bow Saw
59:45 Scale Mail Armor
63:00 Pikeman
64:39 Chain Mail Armor
73:37 Hand Cart
77:45 Town Watch
82:20 Imperial Age
82:35 Onager
83:57 Husbandry
84:43 Halberdier
87:07 Plate Mail Armor
Connection lost

Rejoining the realm…

Still unreachable

The connection could not be restored.

Session expired

The server has moved on; the page needs a fresh start.